 Dungeon Crawl Stone Soup version 0.31-a0-1363-g282adc679d (webtiles) character file.

Game seed: 11710327028814565571

93 Bnni the Digger (level 4, 0/49 HPs)
             Began as a Formicid Earth Elementalist on Dec 23, 2023.
             Slain by Grinder (3 damage)
             ... on level 3 of the Dungeon.
             The game lasted 00:03:29 (2144 turns).

Bnni the Digger (Formicid Earth Elementalist)       Turns: 2144, Time: 00:03:30

Health: 0/49       AC: 22    Str: 12    XL:     4   Next: 92%
Magic:  2/8        EV:  2    Int: 17    God:
Gold:   107        SH:  0    Dex: 14    Spells: 2/8 levels left

rFire   . . .        m - +2 short sword (venom)
rCold   . . .        (no shield)
rNeg    . . .        i - melded +1 ring mail {rPois}
rPois   +            (helmet unavailable)
rElec   .            (cloak currently unavailable)
rCorr   .            j - melded +0 pair of gloves
SInv    .            (boots currently unavailable)
Will    .....        (no amulet)
Stlth   ++           (no ring)
HPRegen 0.28/turn    (no ring)
MPRegen 0.11/turn

%: no passive effects
@: tree-form
A: stationary, stasis, torment immunity, boosted hp, permanent stasis, dig
shafts and tunnels, (antennae 3), four strong arms
a: no special abilities


You were on level 3 of the Dungeon.
You were a tree.
You visited 1 branch of the dungeon, and saw 3 of its levels.

You collected 107 gold pieces.

Inventory:

Hand Weapons
 m - a +2 short sword of venom (weapon)
Armour
 i - a +1 ring mail of poison resistance (melded)
 j - a +0 pair of gloves (melded)
Scrolls
 a - a scroll of enchant armour {unknown}
 c - a scroll of immolation {unknown}
 d - 2 scrolls of poison {unknown}
 e - a scroll of teleportation {unknown}
 g - 4 scrolls of identify {unknown}
 h - 2 scrolls of fear {unknown}
Potions
 b - a potion of magic
 k - a potion of degeneration {unknown}
 l - a potion of might {unknown}


   Skills:
 + Level 2.0 Fighting
 - Level 1.7 Dodging
 - Level 2.4 Stealth
 + Level 2.9 Spellcasting
 * Level 5.0 Earth Magic
 - Level 2.0 Alchemy


You had 2 spell levels left.
You knew the following spells:

 Your Spells              Type           Power      Damage    Failure   Level
a - Sandblast             Erth           38%        2d10      2%          1
b - Passwall              Alch/Erth      11%        N/A       6%          2
c - Stone Arrow           Conj/Erth      22%        3d8       19%         3

Your spell library contained the following spells:

 Spells                   Type           Power      Damage    Failure   Level
 Jinxbite                 Hex            4%         N/A       26%         2
 Petrify                  Alch/Erth      14%        N/A       38%         4
 Brom's Barrelling Bould  Conj/Erth      11%        2d3       52%         4
 Yara's Violent Unravell  Hex/Alch       2%         3d3       97%         5
 Enfeeble                 Hex            1%         N/A       100%        7


Dungeon Overview and Level Annotations

Branches:
Dungeon (3/15)

Altars:
Ashenzari

Shops:
D:3 *

Annotations:
D:3 Grinder


Innate Abilities, Weirdness & Mutations

You are a tree.
Your roots penetrate the ground, keeping you stationary.
You cannot be teleported.
You are immune to unholy pain and torment.
Your maximum health is greatly increased.
Your equipment is partially melded.
You cannot be hasted, slowed, berserked, paralysed or teleported.
You can dig through walls and to a lower floor.
((You have a pair of large antennae on your head. (SInv)))
Your four strong arms can wield two-handed weapons with a shield.


Message History

Grinder barely misses you.
Aiming: Sandblast (safe; 4% risk of failure)
Press: ? - help, Q - select action, (/) - cycle Shift-Dir - straight line, f/p - Grinder
Aim: Grinder (lightly wounded, 80% to hit)
The blast of sand hits Grinder but does no damage.
Grinder is lightly wounded.
Grinder hits you.
You writhe in agony.
Grinder hits you.
You writhe in agony.
Unknown command.
Aiming: Sandblast (safe; 4% risk of failure)
Press: ? - help, Q - select action, (/) - cycle Shift-Dir - straight line, f/p - Grinder
Aim: Grinder (lightly wounded, 80% to hit)
The blast of sand hits Grinder.
Grinder is moderately wounded.
Grinder hits you but does no damage.
You closely miss Grinder.
Grinder is moderately wounded.
Grinder hits you.
* * * LOW HITPOINT WARNING * * *
You writhe in agony.
* * * LOW HITPOINT WARNING * * *
An endoplasm comes into view.
It was a potion of lignification.
You turn into a tree.
Your +0 pair of gloves melds into your body.
Your +1 ring mail of poison resistance melds into your body.
You no longer feel resistant to poison.
Your roots penetrate the ground.
Grinder hits you but does no damage.
You hit Grinder.
Grinder is moderately wounded.
Grinder hits you but does no damage.
You closely miss Grinder.
Grinder is moderately wounded.
Grinder hits you but does no damage.
You closely miss Grinder.
Grinder is moderately wounded.
Grinder hits you but does no damage.
You barely miss Grinder.
Grinder is moderately wounded.
Grinder hits you.
You die...
Grinder says, "Now the real fun starts!"

#.# #.# ###, #.# ....
#.# ..... #.# ∩.....#.##
.......†.###############
......#...##...........#
..... #.#o5♣...........#
# ....{
#.####...........# # ..o
#.# #...........# # ..
#.# #...........# # .
#.# #...........# # #.#
#...........# ## #.
#...........####.
###########.##.).
#.##.##


You could see Grinder and an orc.

Vanquished Creatures
  Robin (D:3)
  A worm (D:2)
  2 dart slugs
  An orc (D:2)
  6 bats
  3 endoplasms (D:1)
  2 giant cockroaches
  15 goblins
  10 hobgoblins
  4 jackals (D:1)
  6 kobolds
  3 quokkas
  4 ball pythons (D:1)
  2 rats
60 creatures vanquished.

Notes
Turn   | Place    | Note
-------+----------+-------------------------------------------
     0 | D:1      | Bnni the Formicid Earth Elementalist began the quest for
                  | the Orb.
     0 | D:1      | Reached XP level 1. HP: 13/13 MP: 3/3
   155 | D:1      | Reached XP level 2. HP: 20/20 MP: 0/5
   236 | D:1      | Reached skill level 4 in Earth Magic
   369 | D:1      | Reached XP level 3. HP: 3/25 MP: 2/6
   371 | D:1      | Reached skill level 1 in Fighting
   373 | D:1      | HP: 1/26 [quokka (2)]
   631 | D:1      | Learned a level 2 spell: Passwall
   635 | D:1      | Learned a level 3 spell: Stone Arrow
  1333 | D:2      | Reached XP level 4. HP: 32/32 MP: 6/8
  1907 | D:3      | Noticed Robin
  1921 | D:3      | Killed Robin
  1941 | D:3      | Reached skill level 5 in Earth Magic
  1949 | D:3      | Found a broken altar of Ashenzari.
  2126 | D:3      | Noticed Grinder
  2127 | D:3      | Found Jumeosij's General Store.
  2139 | D:3      | HP: 1/33 [Grinder (6)]
  2144 | D:3      | Slain by Grinder

Illustrated notes

Levels and vault maps discovered:
D:1:      erik_arrival_cave_to_civilisation [erik_arrival_cave_to_hall],
          layout_basic, st_stairs_2
D:2:      layout_basic
D:3:      layout_basic, mainiacjoe_overflow_chevrons, serial_shops, shop, shop,
          hellmonk_ecumenical_altar_zigzags, uniq_grinder, uniq_sigmund,
          uniq_robin

Skill      XL: |  1  2  3  4 |
---------------+-------------+-----
Alchemy        | 2 |  2.0
Earth Magic    | 4 5 |  5.0
Fighting       | 1 2 |  2.0
Dodging        | |  1.7
Stealth        | |  2.4
Spellcasting   | |  2.9

Action                     |  1- 3 |  4- 6 || total
---------------------------+-------+-------++-------
  Melee: Unarmed           |    16 |       ||    16
         Club              |    14 |       ||    14
         Short sword       |       |    38 ||    38
   Cast: Sandblast         |    50 |    28 ||    78
    Use: Potion            |       |     1 ||     1
 Armour: Robe              |    47 |       ||    47
         Ring mail         |     5 |    29 ||    34
         Skin              |       |     5 ||     5
  Dodge: Dodged            |    61 |     9 ||    70

Table legend: (Time is in decaauts)
 A = Elapsed time spent in this place.
 B = Non-inter-level travel time spent in this place.
 C = Inter-level travel time spent in this place.
 D = Time resting spent in this place.
 E = Time spent auto-exploring this place.
 F = Levels seen in this place.
 G = Mean time per level.
                   A        B        C        D        E       F      G
               +--------+--------+--------+--------+--------+-----+--------+
         Total |   2185 |   2087 |     98 |     99 |   1606 |   3 |  728.3 |
       Dungeon |   2185 |   2087 |     98 |     99 |   1606 |   3 |  728.3 |
               +--------+--------+--------+--------+--------+-----+--------+

Top non-repeatable levels by time:
     D:1: 1082 daAuts
     D:2: 855 daAuts
     D:3: 247 daAuts
